 Dungeon Sprint DCSS version 0.21.0-25-ge575cb9 (webtiles) character file.

137 wojtek the Cleaver (level 5, 0/51 HPs)
             Began as a Minotaur Berserker on Jan 24, 2018.
             Was an Elder of Trog.
             Slain by an ice beast (7 damage)
             ... summoned by a deep elf mage
             ... in the Dungeon (Sprint III: "The Ten Rune Challenge").
             The game lasted 00:01:07 (346 turns).

wojtek the Cleaver (Minotaur Berserker)              Turns: 346, Time: 00:01:07

Health: 0/51       AC:  2    Str: 22    XL:     5   Next: 0%
Magic:  4/4        EV: 14    Int:  4    God:    Trog [****..]
Gold:   42         SH:  0    Dex: 10    Spells: 4/4 levels left

rFire    . . .     SeeInvis .   a - +0 hand axe
rCold    . . .     Gourm    .   (no shield)
rNeg     . . .     Faith    .   b - +0 animal skin
rPois    .         Spirit   .   (helmet restricted)
rElec    .         Reflect  .   (no cloak)
rCorr    .         Harm     .   (no gloves)
MR       .....     NoTele   +   (no boots)
Stlth    +.........             (no amulet)
HPRegen  0.17/turn              (no ring)
MPRegen  0.09/turn              (no ring)

@: no status effects
A: retaliatory headbutt, horns 2
a: Berserk, Trog's Hand, Brothers in Arms, Burn Spellbooks, Renounce Religion


You were in the Dungeon.
You worshipped Trog.
Trog was greatly pleased with you.
You were not hungry.

You visited 1 branch You collected 42 gold pieces.

Inventory:

Hand Weapons
 a - a +0 hand axe (weapon)
Armour
 b - a +0 animal skin (worn)
Scrolls
 i - a scroll of blinking
 j - a scroll of enchant weapon {unknown}
 l - a scroll of holy word {unknown}
 m - a scroll of identify {unknown}
 n - 3 scrolls of remove curse
 p - a scroll of torment {unknown}
 q - a scroll of random uselessness {unknown}
Potions
 d - a potion of curing
 e - a potion of heal wounds
 f - a potion of haste
 g - 2 potions of magic
 h - a potion of berserk rage
 o - 2 potions of flight {unknown}
 r - 6 potions of mutation
Books
 s - a book of Misfortune

   Spells                             Type                      Level
   a - Confusing Touch                Hexes                        1
   b - Confuse                        Hexes                        3
   c - Gell's Gravitas                Translocation                3
   d - Petrify                        Transmutation/Earth          4
   e - Metabolic Englaciation         Hexes/Ice                    5
   f - Yara's Violent Unravelling     Hexes/Transmutation          5
   Trog disapproves of the use of such an item.
Comestibles
 c - 2 rations


   Skills:
 + Level 6.4 Fighting
 * Level 8.3 Axes
 + Level 5.8 Armour
 + Level 5.3 Dodging


You had 4 spell levels left.
You didn't know any spells.

Dungeon Overview and Level Annotations

Branches:
Dungeon (1/1)

Altars:
Elyvilon
Kikubaaqudgha
Sif Muna
Vehumet
Zin
The Shining One


Innate Abilities, Weirdness & Mutations

You reflexively headbutt those who attack you in melee.
You have a pair of horns on your head.


Message History

There is a fountain of clear blue water here.
As you open the door, it creaks loudly!
Found a glowing silver altar of Zin.
A deep elf mage comes into view.
It is wielding a long sword of holy wrath.
Found two altars.
There is an open door here.
Drop what? 19/52 slots (_ for help) (? for menu, Esc to quit)
You drop a book of Cantrips.
The deep elf mage casts a spell.
The deep elf mage gestures at you while chanting.
The bolt of cold hits the ice beast.
The ice beast completely resists.
The bolt of cold hits you!
Ouch! That really hurt!
* * * LOW HITPOINT WARNING * * *
You close the door, pushing everything out of the way.
A deep elf mage opens the door.
The ice beast hits you.
* * * LOW HITPOINT WARNING * * *
The ice beast freezes you!
You die...

▓▓▓▓▓ ▓▓▓ #...####
##.#####
#......#####..#___#
#.......#..#..#...#
##.##...#..#..###Y#+###+
##.###..##'#..#.@:.......
###.##..###...'.⌠........
#..##..####...#...######+
...##..###....#.⌠.#
..##...##.....#...#
.##....#......#'###
###..##.#.....#.).# #
#..#####....#___# ▓ ▓▓▓▓
▓▓▓▓▓▓▓▓▓▓


You could see an ice beast.

Vanquished Creatures
  A water elemental (D)
  A wizard (D)
  A human (D)
  A kobold demonologist (D)
  A wolf (D)
  An ooze (D)
  3 rats (D)
9 creatures vanquished.

Vanquished Creatures (others)
  2 draconian scorchers (D)
  6 hellions (D)
8 creatures vanquished.

Grand Total: 17 creatures vanquished

Notes
Turn   | Place    | Note
-------+----------+-------------------------------------------
     0 | D        | wojtek the Minotaur Berserker began the quest for the Orb.
     0 | D        | Reached XP level 1. HP: 19/19 MP: 0/0
     9 | D        | Reached skill level 4 in Axes
    31 | D        | Reached ** piety under Trog
    93 | D        | Reached skill level 5 in Axes
    93 | D        | Reached XP level 2. HP: 28/28 MP: 1/1
   104 | D        | Killed a hellion
   105 | D        | Killed a hellion
   105 | D        | Killed a hellion
   106 | D        | Killed a hellion
   107 | D        | Killed a hellion
   107 | D        | Killed a hellion
   144 | D        | Reached skill level 5 in Fighting
   144 | D        | Reached skill level 6 in Axes
   144 | D        | Reached XP level 3. HP: 25/36 MP: 2/2
   239 | D        | Noticed a water elemental
   240 | D        | Killed a white draconian scorcher
   243 | D        | Killed a water elemental
   243 | D        | Reached *** piety under Trog
   243 | D        | Reached skill level 7 in Axes
   243 | D        | Reached skill level 5 in Armour
   243 | D        | Reached XP level 4. HP: 44/44 MP: 3/3
   280 | D        | Found a radiant altar of Vehumet.
   280 | D        | Found a deep blue altar of Sif Muna.
   280 | D        | Found an ancient bone altar of Kikubaaqudgha.
   280 | D        | Noticed a wizard
   281 | D        | Killed a white draconian scorcher
   283 | D        | Killed a wizard
   283 | D        | Reached skill level 8 in Axes
   283 | D        | Reached skill level 5 in Dodging
   288 | D        | Noticed a sun demon
   291 | D        | Reached **** piety under Trog
   291 | D        | Reached XP level 5. HP: 51/51 MP: 4/4
   339 | D        | Found a glowing silver altar of Zin.
   340 | D        | Found a glowing golden altar of the Shining One.
   340 | D        | Found a white marble altar of Elyvilon.
   340 | D        | Noticed a deep elf mage
   342 | D        | Noticed an ice beast
   346 | D        | Slain by an ice beast

Skill      XL: |  1  2  3  4 |
---------------+-------------+-----
Fighting       | 4 5 6 |  6.4
Axes           | 5 6 7 8 |  8.3
Armour         | 3 4 5 |  5.8
Dodging        | 3 4 5 |  5.3

Action                   |  1- 3 |  4- 6 || total
-------------------------+-------+-------++-------
Melee: Hand axe          |    16 |     8 ||    24
       Headbutt          |     4 |       ||     4
Invok: Berserk           |     2 |     1 ||     3
  Eat: Ration            |       |     1 ||     1
Dodge: Dodged            |     7 |     4 ||    11
